 Dungeon Crawl Stone Soup version 0.23.2-40-g277498a (webtiles) character file.

Game seed: 17806573445965059062

57 silentkaos13 the Skirmisher (level 3, -9/33 HPs)
             Began as a Draconian Monk on Oct 8, 2019.
             Mangled by a wight
             ... wielding a +3 battleaxe
              (15 damage)
             ... on level 3 of the Dungeon.
             The game lasted 00:03:47 (1041 turns).

silentkaos13 the Skirmisher (Draconian Monk)        Turns: 1041, Time: 00:03:47

Health: -9/33      AC:  7    Str: 13    XL:     3   Next: 73%
Magic:  3/3        EV: 15    Int: 11    God:
Gold:   97         SH:  7    Dex: 18    Spells: 2/2 levels left

rFire    . . .     SeeInvis +   a - +0 falchion
rCold    . . .     Gourm    .   l - +0 shield {rN+}
rNeg     + . .     Faith    .   (armour unavailable)
rPois    .         Spirit   .   f - +1 hat
rElec    .         Reflect  .   (no cloak)
rCorr    .         Harm     .   m - +0 pair of gloves
MR       .....                  (no boots)
Stlth    +++.......             p - amulet of magic regeneration
HPRegen  0.11/turn              j - ring of see invisible
MPRegen  0.33/turn              (no ring)

@: agile, lightly drained
A: unfitting armour, cold-blooded, AC +5
a: no special abilities


You were on level 3 of the Dungeon.
You were hungry.

You visited 1 branch of the dungeon, and saw 3 of its levels.

You collected 97 gold pieces.

Inventory:

Hand Weapons
 a - a +0 falchion (weapon)
Armour
 f - a +1 hat (worn)
 l - a +0 shield of positive energy (worn)
 m - a +0 pair of gloves (worn)
Jewellery
 j - a ring of see invisible (left hand)
 p - an amulet of magic regeneration (around neck)
Scrolls
 d - a scroll of blinking {unknown}
 h - a scroll of teleportation {unknown}
 i - a scroll of magic mapping {unknown}
 k - a scroll of amnesia {unknown}
 n - 2 scrolls of noise {unknown}
 o - 2 scrolls of enchant weapon {unknown}
 q - a scroll of identify
Potions
 c - 2 potions of agility
 e - a potion of might {unknown}
 g - 3 potions of curing
 r - a potion of degeneration {unknown}
Comestibles
 b - 5 rations


   Skills:
 + Level 3.8(3.6) Fighting
 + Level 3.8(3.6) Long Blades
 + Level 3.1(2.8) Dodging
 + Level 2.1(1.9) Stealth


You had 2 spell levels left.
You didn't know any spells.
Your spell library was empty.

Dungeon Overview and Level Annotations

Branches:
Dungeon (3/15)

Altars:


Innate Abilities, Weirdness & Mutations

Your plain brown scales are hard. (AC +5)
You cannot fit into any form of body armour.
You are cold-blooded and may be slowed by cold attacks.


Message History

You hit the wight.
The wight is almost destroyed.
The wight barely misses you.
You hit the wight but do no damage.
The wight is almost destroyed.
The wight hits you with a +3 battleaxe!!
Ouch! That really hurt!
* * * LOW HITPOINT WARNING * * *
You hit the wight.
Your tail-slap misses the wight.
The wight is almost destroyed.
The wight hits you with a +3 battleaxe.
* * * LOW HITPOINT WARNING * * *
You partially resist.
You feel drained.
You hit the wight but do no damage.
The wight is almost destroyed.
You block the wight's attack.
It was a potion of agility.
You feel agile all of a sudden. The wight hits you with a +3 battleaxe!
You die...

#.## #...
#..###. .... ...
# ..# #.#
##..###.###.###
#...zz@........
#...###..##.####
...
##.#....<##.## .
#.##.#.........#
#........#######
#.##...........
# #...........
.............
####...######.


You could see 2 wights.

Vanquished Creatures
  2 worms (D:2)
  2 dart slugs (D:1)
  2 leopard geckos (D:1)
  3 giant cockroaches
  6 goblins
  4 hobgoblins
  2 jackals (D:1)
  4 kobolds
  A ball python (D:1)
  7 bats
  5 frilled lizards
  5 rats (D:1)
43 creatures vanquished.

Notes
Turn   | Place    | Note
-------+----------+-------------------------------------------
     0 | D:1      | silentkaos13 the Draconian Monk began the quest for the
                  | Orb.
     0 | D:1      | Reached XP level 1. HP: 19/19 MP: 1/1
   132 | D:1      | Reached XP level 2. HP: 26/26 MP: 2/2
   331 | D:1      | Reached XP level 3. HP: 33/33 MP: 3/3
  1041 | D:3      | Mangled by a wight

Skill      XL: |  1  2 |
---------------+-------+-----
Stealth        | 2 |  2.1
Dodging        | 3 |  3.1
Fighting       | |  3.8
Long Blades    | |  3.8

Action                   || total
-------------------------++-------
Melee: Falchion          ||   134
       Tailslap          ||    13
  Use: Scroll            ||     2
       Potion            ||     2
 Stab: Sleeping          ||     5
Armor: Skin              ||    49
Dodge: Dodged            ||    88
Block: Shield            ||    17
       Rpst.: Falchion   ||    25
